 Dungeon Sprint DCSS version 0.30-a0-12-gd8047c6341 (webtiles) character file.

Game seed: 15334109958861716048

6884 Hubris850 the Severer (level 10, -5/104 HPs)
             Began as a Minotaur Gladiator on Aug 23, 2022.
             Was a High Priest of Trog.
             Slain by a lorocyproca (12 damage)
             ... in the Dungeon (Sprint I: "Red Sonja").
             The game lasted 00:08:08 (2831 turns).

Hubris850 the Severer (Minotaur Gladiator)          Turns: 2831, Time: 00:08:09

Health: -5/104     AC: 21    Str: 25    XL:     10   Next: 79%
Magic:  0/3        EV: 11    Int:  5    God:    Trog [*****.]
Gold:   333        SH:  0    Dex: 13    Spells: 9/9 levels left

rFire   . . .      SeeInvis .    x - +3 battleaxe (antimagic)
rCold   . . .      Faith    .    (shield currently unavailable)
rNeg    + . .      Spirit   .    r - +3 plate armour {Will+}
rPois   +          Reflect  .    c - +0 hat
rElec   .          Harm     .    v - +0 cloak of Cyquvuox {rPois rN+ Str+3}
rCorr   .          Rampage  .    (no gloves)
Will    +....      NoTele   +    (no boots)
Stlth   ..........               (no amulet)
HPRegen 0.27/turn                (no ring)
MPRegen 0.08/turn                (no ring)

@: no status effects
A: horns 2, retaliatory headbutt
a: Renounce Religion, Berserk, Trog's Hand, Brothers in Arms


You were in the Dungeon.
You worshipped Trog.
Trog was extremely pleased with you.
You visited 1 branch You collected 1231 gold pieces.
You spent 898 gold pieces at shops.

Inventory:

Hand Weapons
 a - a +0 war axe
 s - a +0 antimagic battleaxe
 t - a +1 hand axe of flaming
 w - a +0 battleaxe of venom
 x - a +3 antimagic battleaxe (weapon)
Missiles
 d - 2 throwing nets (quivered)
 e - a javelin
 j - 4 curare-tipped darts
Armour
 b - a +0 leather armour
 c - a +0 hat (worn)
 q - a +0 cloak
 r - a +3 plate armour of willpower (worn)
 v - the +0 cloak of Cyquvuox (worn) {rPois rN+ Str+3}
   (You found it in the Dungeon)

   Str:       It affects your strength (+3).
   rPois:     It protects you from poison.
   rN:        It protects you from negative energy.
Wands
 l - a wand of iceblast (9)
Scrolls
 k - a scroll of blinking
 n - 2 scrolls of summoning
 o - a scroll of torment {unknown}
 p - a scroll of amnesia {unknown}
Potions
 f - a potion of curing
 g - a potion of heal wounds
 h - a potion of haste
 i - 2 potions of magic
 m - 2 potions of attraction {unknown}
 u - 3 potions of invisibility {unknown}
 z - a potion of brilliance {unknown}


   Skills:
 - Level 14.4 Fighting
 + Level 17.6 Axes
 - Level 2.0 Throwing
 - Level 14.2 Armour
 - Level 9.9 Dodging
 + Level 10.2 Evocations


You had 9 spell levels left.
You didn't know any spells.
Your spell library was empty.

Dungeon Overview and Level Annotations

Branches:
Dungeon (1/1)

Altars:
Cheibriados
Dithmenos
Elyvilon
Fedhas
Gozag
Hepliaklqana
Kikubaaqudgha
Makhleb
Nemelex Xobeh
Okawaru
Qazlal
Ru
Sif Muna
Trog
Uskayaw
Vehumet
Wu Jian
Xom
Yredelemnul
Zin
The Shining One
Jiyva
Lugonu

Shops:
D (=:?[(*(*?*=*([(


Innate Abilities, Weirdness & Mutations

You have a pair of horns on your head.
You reflexively headbutt those who attack you in melee.


Message History

There is an open door here.
You see here a +0 dagger of venom.
z - a golden potion
There is an open door here.
You see here a +0 mace.
You open the door.
There is an open door here.
You open the door.
Found 9 gold pieces.
There is an open door here.
You now have 333 gold pieces (gained 9).
There is an open door here.
You open the door.
A meliai comes into view. It is wielding a +0 hand axe.
The meliai buzzes angrily.
Found 162 gold pieces.
There is an open door here.
Something hits you but does no damage.
Deactivating autopickup; reactivate with Ctrl-A.
You slash something! Your headbutt misses something. Something hits you!
You feel your power leaking away.
You slash something! Something hits you but does no damage.
You slice something!! You headbutt something.
Something hits you but does no damage.
You closely miss something. Something hits you!!
You hit something but do no damage. Your headbutt misses something.
The meliai mumbles some strange prayers to its god against you.
Something smites you!
You slash something! Something hits you!!
* * * LOW HITPOINT WARNING * * *
You hit something but do no damage. Your headbutt misses something.
The meliai calls down the wrath of its god upon you.
Something smites you!
* * * LOW HITPOINT WARNING * * *
Something hits you!
* * * LOW HITPOINT WARNING * * *
You barely miss something. Your headbutt misses something.
Something hits you but does no damage.
You slash something! Something hits you!
You die...

#############
__#..')..#.)#
..'..#)..##'#
__####...'..# ##
###([#####).+ #+#$###
~§§..#..##'####..$#y#
~§§§)'..#..☼°.#..$###
§~~§§#..#.○○..'.@{$$#
#§#####'###°..#.....#
..))###.'.#○○.###++##
#'###(###.#.°##
....'.∩##.#○○#
#########.##'#
.......##.##.#
......§.'.####
'''######§#


You could see a meliai.

Vanquished Creatures
  2 centaur warriors (D)
  Sonja (D)
  A deep troll (D)
  An oklob plant (D)
  4 demonic crawlers (D)
  A gargoyle (D)
  2 unseen horrors (D)
  2 kobold demonologists (D)
  A hornet (D)
  A slime creature (D)
  Sigmund (D)
  A yak (D)
  2 redbacks (D)
  2 floating eyes (D)
  An ogre (D)
  7 necrophages (D)
  8 jellies (D)
  Ijyb (D)
39 creatures vanquished.

Notes
Turn   | Place    | Note
-------+----------+-------------------------------------------
     0 | D        | Hubris850 the Minotaur Gladiator began the quest for the
                  | Orb.
     0 | D        | Reached XP level 1. HP: 18/18 MP: 0/0
     1 | D        | Noticed Ijyb
    12 | D        | Killed Ijyb
    13 | D        | Reached skill level 7 in Axes
    13 | D        | Reached XP level 2. HP: 8/25 MP: 1/1
   223 | D        | Noticed an ogre
   228 | D        | Killed an ogre
   229 | D        | Reached skill level 11 in Axes
   229 | D        | Reached XP level 3. HP: 30/30 MP: 2/2
   229 | D        | Reached XP level 4. HP: 37/37 MP: 3/3
   238 | D        | Noticed Sigmund
   257 | D        | Killed Sigmund
   258 | D        | Reached skill level 15 in Axes
   258 | D        | Reached XP level 5. HP: 18/42 MP: 4/4
   258 | D        | Reached XP level 6. HP: 21/50 MP: 5/5
   435 | D        | Found an ornate altar of the Wu Jian Council.
   435 | D        | Found a shimmering blue altar of Sif Muna.
   437 | D        | Found a radiant altar of Vehumet.
   441 | D        | Reached skill level 1 in Armour
   519 | D        | Found Lughures's Antique Weapon Emporium.
   519 | D        | Found an ancient bone altar of Kikubaaqudgha.
   519 | D        | Found a hazy altar of Hepliaklqana.
   519 | D        | Found a stormy altar of Qazlal.
   519 | D        | Found a hide-covered altar of Uskayaw.
   519 | D        | Found a blossoming altar of Fedhas.
   519 | D        | Found a bloodstained altar of Trog.
   519 | D        | Found an iron altar of Okawaru.
   519 | D        | Found a basalt altar of Yredelemnul.
   519 | D        | Found a glowing golden altar of the Shining One.
   519 | D        | Found a snail-covered altar of Cheibriados.
   519 | D        | Found a sacrificial altar of Ru.
   519 | D        | Found a glowing silver altar of Zin.
   519 | D        | Found a shadowy altar of Dithmenos.
   519 | D        | Found a white marble altar of Elyvilon.
   519 | D        | Noticed a yak
   526 | D        | Killed a yak
   527 | D        | Reached skill level 5 in Dodging
   527 | D        | Found an opulent altar of Gozag.
   528 | D        | Found a sparkling altar of Nemelex Xobeh.
   661 | D        | Became a worshipper of Trog the Wrathful
   674 | D        | Found a viscous altar of Jiyva.
   674 | D        | Found a corrupted altar of Lugonu.
   674 | D        | Noticed a slime creature
   675 | D        | Found a burning altar of Makhleb.
   675 | D        | Found a shimmering altar of Xom.
   682 | D        | Killed a slime creature
   683 | D        | Reached skill level 16 in Axes
   683 | D        | Reached skill level 5 in Armour
   683 | D        | Reached XP level 7. HP: 43/63 MP: 6/6
   801 | D        | Noticed Sonja
   810 | D        | Killed Sonja
   810 | D        | Reached * piety under Trog
   811 | D        | Reached XP level 8. HP: 20/77 MP: 7/7
  1202 | D        | Noticed a deep troll
  1212 | D        | Killed a deep troll
  1213 | D        | Reached skill level 10 in Fighting
  1508 | D        | Found Metenuet's Armour Emporium.
  1518 | D        | Bought a +3 plate armour of willpower for 585 gold pieces
  1541 | D        | Noticed a centaur warrior
  1541 | D        | Noticed a centaur warrior
  1550 | D        | Killed a centaur warrior
  1551 | D        | Reached XP level 9. HP: 42/89 MP: 8/8
  1552 | D        | Killed a centaur warrior
  1552 | D        | Reached ** piety under Trog
  1553 | D        | Reached skill level 5 in Evocations
  1831 | D        | Noticed an oklob plant
  1839 | D        | Killed an oklob plant
  2040 | D        | Reached *** piety under Trog
  2069 | D        | Killed an unseen horror
  2070 | D        | Reached XP level 10. HP: 54/101 MP: 9/9
  2263 | D        | Reached **** piety under Trog
  2420 | D        | Reached ***** piety under Trog
  2428 | D        | Received a gift from Trog
  2455 | D        | Identified the +0 cloak of Cyquvuox {rPois rN+ Str+3}
  2474 | D        | Found Efuib's Book Shoppe.
  2474 | D        | Found Haimoat's Jewellery Shop.
  2474 | D        | Found Kuwut's Magic Scroll Boutique.
  2476 | D        | Found Uliefik's Antique Armour Emporium.
  2476 | D        | Found Acazen's Antique Weapon Shop.
  2476 | D        | Found Bonlent's Assorted Antiques.
  2476 | D        | Found Ikorut's Antique Weapon Boutique.
  2476 | D        | Found Sozog's Assorted Antiques.
  2476 | D        | Found Uvvywon's Magic Scroll Shop.
  2476 | D        | Found Tuempunn's General Store.
  2482 | D        | Found Cuphatset's Jewellery Boutique.
  2484 | D        | Bought a scroll of identify for 28 gold pieces
  2486 | D        | Found Rugoucs's Antique Weapon Emporium.
  2486 | D        | Found Piumabec's General Store.
  2487 | D        | Found Faull's Weapon Emporium.
  2489 | D        | Bought a runed battleaxe for 285 gold pieces
  2543 | D        | Received a gift from Trog
  2560 | D        | Noticed a gargoyle
  2568 | D        | Killed a gargoyle
  2569 | D        | Reached skill level 17 in Axes
  2573 | D        | Reached skill level 10 in Evocations
  2831 | D        | Slain by a lorocyproca

Illustrated notes

Levels and vault maps discovered:
D:        dungeon_sprint_1 [red_sonja_temple_1, red_sonja_temple_small_1]

Skill      XL: |  1  2  3  4  5  6  7  8  9 10 |
---------------+-------------------------------+-----
Axes           | 7 11 15 16 17 | 17.6
Fighting       | 6 8 11 13 14 | 14.4
Armour         | 5 8 11 13 14 | 14.2
Dodging        | 6 8 9 |  9.9
Evocations     | 3 6 10 | 10.2
Throwing       | |  2.0

Action                   |  1- 3 |  4- 6 |  7- 9 | 10-12 || total
-------------------------+-------+-------+-------+-------++-------
Melee: War axe           |    13 |    23 |    52 |    26 ||   114
       Headbutt          |     2 |     1 |    13 |    18 ||    34
       Punch             |       |       |     1 |     1 ||     2
       Battleaxe         |       |       |       |    33 ||    33
Throw: Throwing net      |     1 |       |       |       ||     1
Invok: Berserk           |       |       |       |     1 ||     1
  Use: Potion            |       |       |     1 |       ||     1
       Scroll            |       |       |       |     1 ||     1
 Stab: Sleeping          |       |     1 |       |       ||     1
Armor: Leather armour    |     1 |     2 |       |       ||     3
       Plate armour      |       |       |    43 |    36 ||    79
Dodge: Dodged            |     9 |     8 |    30 |    29 ||    76

Table legend: (Time is in decaauts)
 A = Elapsed time spent in this place.
 B = Non-inter-level travel time spent in this place.
 C = Inter-level travel time spent in this place.
 D = Time resting spent in this place.
 E = Time spent auto-exploring this place.
 F = Levels seen in this place.
 G = Mean time per level.
                   A        B        C        D        E       F      G
               +--------+--------+--------+--------+--------+-----+--------+
         Total |   2823 |   2823 |      0 |   2281 |      0 |   1 | 2823.0 |
       Dungeon |   2823 |   2823 |      0 |   2281 |      0 |   1 | 2823.0 |
               +--------+--------+--------+--------+--------+-----+--------+

Top non-repeatable levels by time:
       D: 2823 daAuts
